 Dungeon Crawl Stone Soup version 0.31-a0-1009-g454b1f1e0a (webtiles) character file.

Game seed: 363057204711382897

479951 Chiseanne the Slayer (level 23, -8/240 HPs)
             Began as a Demonspawn Wanderer on Nov 13, 2023.
             Was an Initiate of Gozag.
             Mangled by a rockslime (31 damage)
             ... created by the Royal Jelly
             ... on level 4 of the Pits of Slime on Nov 14, 2023.
             The game lasted 03:42:39 (65731 turns).

Chiseanne the Slayer (Demonspawn Wanderer)         Turns: 65731, Time: 03:42:39

Health: -8/240     AC: 27    Str: 20      XL:     23   Next: 40%
Magic:  31/31      EV: 27    Int: 16 (17) God:    Gozag
Gold:   3429       SH: 27    Dex: 27      Spells: 30/33 levels left

rFire   + + .        a - +10 morningstar of Hepliaklqana's Regard {drain, rElec rF+ rN+}
rCold   + + .        T - +3 tower shield {AC+3}
rNeg    + . .        E - +0 swamp dragon scales "Zitygir" {+Inv rPois Will- Str+6 SInv}
rPois   +            (helmet unavailable)
rElec   +            t - +2 cloak {rCorr}
rCorr   +            f - +2 pair of gloves {hurl}
SInv    +            q - +3 pair of mountain boots {steadfast, rC+}
Will    .....        S - amulet of Jujabess {Acrobat Slay+4}
Stlth   ++           W - ring of Patience {rF+ AC+4}
HPRegen 0.60/turn    H - +6 ring of dexterity
MPRegen 0.22/turn

%: acrobat
@: corroded
A: horns 3, icy blue scales 3, powered by pain 2, robust 2, spiny 3, agile 1,
deterioration 1, inability to drink after injury 1, inability to read after
injury 2
}: 3/15 runes: serpentine, barnacled, abyssal
a: Renounce Religion, Evoke Invisibility, Potion Petition, Call Merchant, Bribe
Branch


You were on level 4 of the Pits of Slime.
You worshipped Gozag.
Gozag was most pleased with you.
You visited 10 branches of the dungeon, and saw 47 of its levels.
You visited the Abyss 2 times.
You visited 1 bazaar.
You also visited: Bailey.

You collected 25458 gold pieces.
You spent 8889 gold pieces at shops.
You paid 13140 gold pieces to Gozag.

Inventory:

Hand Weapons
 a - the +10 morningstar of Hepliaklqana's Regard (weapon) {drain, rElec rF+ rN+}
   (You bought it in a shop on level 1 of the Snake Pit)

   rF+:       It protects you from fire.
   rElec:     It insulates you from electricity.
   rN+:       It protects you from negative energy.
 d - a +1 broad axe of flaming
 s - a +7 vampiric broad axe
Missiles
 b - 24 javelins
 g - 30 boomerangs (quivered)
 k - 5 throwing nets
 z - 8 silver javelins
 F - 5 curare-tipped darts
Armour
 f - a +2 pair of gloves of hurling (worn)
 q - the +3 pair of mountain boots (worn) {steadfast, rC+}
   (You bought it in a shop on level 15 of the Dungeon)

   Steadfast: It prevents involuntary movement, except for blinking,
   teleportation, or banishment.
   rC+:       It protects you from cold.
 t - a +2 cloak of preservation (worn)
 E - the +0 swamp dragon scales "Zitygir" (worn) {+Inv rPois Will- Str+6 SInv}
   (You bought it in a shop on level 15 of the Dungeon)

   Str+6:     It affects your strength (+6).
   rPois:     It protects you from poison Will-: It decreases your willpower.
   SInv:      It lets you see invisible.
   +Inv:      It lets you turn invisible.
 T - a +3 tower shield of protection (worn)
Jewellery
 i - an amulet of regeneration
 l - an amulet of reflection
 m - a ring of see invisible
 H - a +6 ring of dexterity (right hand)
 S - the amulet of Jujabess (around neck) {Acrobat Slay+4}
   (You found it on level 1 of the Snake Pit)

   [amulet of the acrobat]

   Acrobat:   It increases your evasion while moving and waiting.
   Slay+4:    It affects your accuracy & damage with ranged weapons and melee
   (+4).
 W - the ring of Patience (left hand) {rF+ AC+4}
   (You found it on level 2 of the Depths)

   [ring of protection]

   AC+4:      It affects your AC (+4).
   rF+:       It protects you from fire.
Talismans
 Z - a granite talisman
Wands
 e - a wand of iceblast (10)
 v - a wand of paralysis (33)
 x - a wand of flame (20)
 y - a wand of quicksilver (21)
 I - a wand of digging (26)
Scrolls
 c - 4 scrolls of immolation
 p - 7 scrolls of teleportation
 A - a scroll of fear
 Q - 6 scrolls of fog
Potions
 h - 10 potions of curing
 o - 4 potions of heal wounds
 w - a potion of berserk rage
 C - 3 potions of haste
 L - 7 potions of resistance
Miscellaneous
 D - a phantom mirror
 V - a box of beasts (inert)


   Skills:
 * Level 21.0 Fighting
 - Level 10.7 Maces & Flails
 - Level 2.6 Polearms
 - Level 10.2 Throwing
 * Level 17.1 Armour
 * Level 18.5 Dodging
 - Level 1.0 Stealth
 * Level 18.5 Shields
 - Level 5.5 Spellcasting
 - Level 1.8 Hexes
 - Level 1.5 Ice Magic
 - Level 10.0 Evocations


You had 30 spell levels left.
You knew the following spells:

 Your Spells              Type           Power      Damage    Failure   Level
a - Apportation           Tloc           8%         N/A       38%         1
b - Ensorcelled Hibernat  Hex/Ice        18%        N/A       32%         2

Your spell library contained the following spells:

 Spells                   Type           Power      Damage    Failure   Level
 Slow                     Hex            40%        N/A       21%         1
 Jinxbite                 Hex            20%        N/A       30%         2
 Foxfire                  Conj/Fire      16%        2x1d4     38%         1
 Magic Dart               Conj           16%        1d3       38%         1
 Necrotise                Necr           16%        1d4       38%         1
 Shock                    Conj/Air       16%        1d4       38%         1
 Sting                    Tmut/Pois      16%        1d3       38%         1
 Summon Small Mammal      Summ           16%        N/A       38%         1
 Confusing Touch          Hex            10%        N/A       52%         3
 Sigil of Binding         Hex            10%        N/A       52%         3
 Call Imp                 Summ           8%         N/A       54%         2
 Poisonous Vapours        Pois/Air       8%         N/A       54%         2
 Scorch                   Fire           8%         2d5       54%         2
 Searing Ray              Conj           8%         2d4       54%         2
 Static Discharge         Conj/Air       8%         3-4/arc   54%         2
 Wereblood                Tmut           4%         N/A       54%         2
 Frozen Ramparts          Ice            18%        1d3       54%         3
 Ozocubu's Armour         Ice            9%         N/A       54%         3
 Summon Guardian Golem    Hex/Summ       7%         N/A       65%         3
 Hailstorm                Conj/Ice       6%         3d4       67%         3
 Call Canine Familiar     Summ           4%         N/A       77%         3
 Mephitic Cloud           Conj/Pois/Air  4%         N/A       77%         3
 Swiftness                Air            4%         N/A       77%         3
 Vampiric Draining        Necr           4%         2d6       77%         3
 Cause Fear               Hex            5%         N/A       89%         4
 Fulminant Prism          Conj/Hex       3%         3d5       96%         4
 Leda's Liquefaction      Hex/Erth       3%         N/A       96%         4
 Summon Ice Beast         Ice/Summ       6%         N/A       97%         4
 Airstrike                Air            2%         2d(1-17)  99%         4
 Flame Wave               Conj/Fire      4%         2d5       99%         4
 Olgreb's Toxic Radiance  Pois           4%         N/A       99%         4
 Summon Lightning Spire   Summ/Air       4%         N/A       99%         4
 Metabolic Englaciation   Hex/Ice        4%         N/A       99%         5
 Alistair's Intoxication  Tmut/Pois      2%         N/A       100%        5
 Fireball                 Conj/Fire      2%         3d4       100%        5
 Freezing Cloud           Conj/Ice/Air   3%         6-21      100%        5
 Irradiate                Conj/Tmut      2%         3d12      100%        5
 Lee's Rapid Deconstruct  Erth           2%         3d4*      100%        5
 Summon Forest            Summ/Tloc      2%         N/A       100%        5
 Summon Mana Viper        Hex/Summ       7%         N/A       100%        5
 Bombard                  Conj/Erth      2%         9d1       100%        6
 Conjure Ball Lightning   Conj/Air       2%         3x3d6     100%        6
 Plasma Beam              Fire/Air       2%         2x1d12    100%        6
 Starburst                Conj/Fire      2%         6d3       100%        6
 Summon Cactus Giant      Summ           2%         N/A       100%        6
 Monstrous Menagerie      Summ           2%         N/A       100%        7
 Ozocubu's Refrigeration  Ice            4%         4d8       100%        7
 Discord                  Hex            5%         N/A       100%        8
 Disjunction              Tloc           2%         N/A       100%        8
 Dragon's Call            Summ           2%         N/A       100%        9
 Polar Vortex             Ice            4%         N/A       100%        9
 Simulacrum               Ice/Necr       Unusable   N/A       N/A         6

Dungeon Overview and Level Annotations

Branches:
Dungeon (15/15)            Temple (1/1) D:4            Lair (5/5) D:9
 Shoals (4/4) Lair:3        Snake (4/4) Lair:3        Slime (5/5) Lair:4
    Orc (2/2) D:12            Elf (3/3) Orc:2        Vaults (4/5) D:13
  Crypt (0/3) Vaults:2     Depths (4/4) D:15            Zot (0/5) Depths:4
 Bailey (visited)

Altars:
Ashenzari
Cheibriados
Dithmenos
Fedhas
Gozag
Hepliaklqana
Kikubaaqudgha
Makhleb
Nemelex Xobeh
Okawaru
Qazlal
Ru
Sif Muna
Trog
Uskayaw
Vehumet
Wu Jian
Xom
Yredelemnul
Jiyva

Shops:
D:1 =   D:7 (!   D:9 =   D:13 :(*   D:15 =[[=(([[[*   Orc:1 =   Orc:2 ?[*(
Elf:2 !   Shoals:3 (   Snake:1 (   Snake:3 ::=   Vaults:3 ?   Depths:3 =

Portals:
Hell: Depths:1 Depths:2 Depths:3 Depths:4
Abyss: Depths:3 Depths:4
Pandemonium: Depths:2
Ziggurat: Depths:4
Trove: D:14 (give 10 potions of heal wounds)

Annotations:
D:14 exclusion: downstairs
Lair:4 2 runed translucent doors, Queen's ghost, journeyman DrFE
Lair:5 2 runed translucent doors
Slime:5 Royal Jelly
Elf:2 3 runed translucent doors


Innate Abilities, Weirdness & Mutations

You have a pair of large horns on your head.
You are completely covered in icy blue scales. (AC +4, rC+)
You sometimes gain power by taking damage.
You are very robust. (+20% HP)
You are completely covered in sharp spines.
You are agile. (Dex +4, Str/Int -1)
Your body sometimes deteriorates upon taking damage.
You occasionally lose the ability to drink potions when taking damage.
You sometimes lose the ability to read scrolls when taking damage.


Message History

You block the rockslime's attack. x2; You block the azure jelly's attack.
The azure jelly completely misses you. The azure jelly barely misses you.
The azure jelly hits you but does no damage.
The acid blob spits acid at you. The splash of acid hits you! You resist.
* * * LOW HITPOINT WARNING * * *
The acid corrodes you!
You sock the azure jelly!
The azure jelly is severely wounded.
The azure jelly closely misses you.
The azure jelly hits you but does no damage.
You block the azure jelly's attack. x3; The azure jelly misses you.
The azure jelly hits you but does no damage.
You block the azure jelly's attack. The rockslime is struck by your spines.
The rockslime hits you.
* * * LOW HITPOINT WARNING * * *
You hold your ground!
The rockslime misses you. The acid blob spits acid at you.
The splash of acid hits you. You resist.
* * * LOW HITPOINT WARNING * * *
You bludgeon the acid blob!!
Your hands burn!
* * * LOW HITPOINT WARNING * * *
The acid blob is almost dead.
You block the azure jelly's attack. The azure jelly barely misses you. x2
You block the azure jelly's attack. You block the rockslime's attack.
The rockslime hits you!!
* * * LOW HITPOINT WARNING * * *
You hold your ground!
You block the azure jelly's attack. The azure jelly barely misses you.
The azure jelly completely misses you. The azure jelly misses you.
The acid blob spits acid at you. The splash of acid hits you! You resist.
* * * LOW HITPOINT WARNING * * *
The azure jelly is struck by your spines.
The azure jelly misses you.
The azure jelly hits you but does no damage.
The azure jelly completely misses you. The azure jelly misses you.
The rockslime hits you!!
You die...
Your body crumbles into a pile of gold.

# ############ #####
#.##..#.##.#..###.#..##
......................##
#...#......J.........#
#.........J@J.......#
#.........J.J.......#
#...............#.....
.........................
..#..##.#...#............
.#... ##...#..........#.#
#.... ##.##........###
......###.##........#
..#................##


You could see an acid blob, 2 azure jellies and 2 rockslimes.

Vanquished Creatures
  Mara (Vaults:3)
  An ancient lich (Abyss:3)
  Mennas (Depths:3)
  2 caustic shrikes (Depths:2)
  Saint Roka (Orc:1)
  2 golden dragons
  Nikola (Snake:2)
  2 tentacled monstrosities
  Jorgrun (Orc:2)
  2 deep elf blademasters (Elf:3)
  3 liches
  3 sphinxes
  Asterion (Vaults:1)
  2 deep elf master archers (Elf:3)
  2 titans
  19 acid blobs
  3 tentacled starspawn
  Gastronok (Lair:1)
  4 shadow dragons
  6 tengu reavers
  Agnes (D:15)
  6 nagarajas
  A draconian monk (Depths:4)
  Donald (Vaults:1)
  6 rockslimes
  3 iron dragons
  9 azure jellies
  6 frost giants
  5 fire giants
  13 vault wardens
  4 deep elf sorcerers (Elf:3)
  2 angels (Vaults:1)
  A draconian shifter (Depths:4)
  2 deep elf elementalists (Elf:3)
  A war gargoyle (Vaults:2)
  2 orc warlords
  17 ironbound preservers
  A draconian stormcaller (Depths:4)
  7 quicksilver oozes
  2 spriggan defenders (Depths:3)
  13 stone giants
  23 very ugly things
  A green draconian (Depths:4)
  7 ironbound thunderhulks
  A vampire knight (Depths:4)
  5 formless jellyfish
  9 deep elf annihilators (Elf:3)
  Azrael (Orc:1)
  5 deep elf demonologists (Elf:3)
  2 red draconians (Depths:4)
  2 white draconians (Depths:4)
  A yellow draconian (Depths:4)
  6 dire elephants
  6 spark wasps
  4 deep elf death magi
  8 ettins
  5 merfolk impalers (Shoals:4)
  Snorg (Orc:2)
  2 crystal guardians
  A deep elf high priest (D:13)
  7 yaktaur captains
  13 great orbs of eyes
  3 rakshasas
  3 entropy weavers
  6 salamander tyrants
  8 fire dragons
  5 hydras
  7 ironbound frosthearts
  Erolcha (Orc:1)
  Harold (Orc:1)
  5 spriggan air magi
  6 vault guards
  5 centaur warriors
  2 peacekeepers
  4 merfolk aquamancers
  9 ice dragons
  6 ogre magi
  2 alligator snapping turtles
  4 boulder beetles
  11 naga warriors
  A merfolk avatar (Shoals:3)
  16 two-headed ogres
  2 satyrs
  An anaconda (shapeshifter) (Depths:4)
  12 dancing weapons
  5 anacondas
  10 deep troll earth magi
  A death scarab (Depths:1)
  10 tengu warriors
  A vampire mage (Depths:2)
  12 deep troll shamans
  3 demonic crawlers
  2 occultists (Depths:1)
  An orc high priest (Elf:1)
  8 shock serpents
  3 spriggan berserkers
  15 naga sharpshooters
  10 deep elf knights
  4 skysharks
  15 hell knights
  5 wretched stars
  A sixfirhy (Abyss:2)
  A sun demon (Depths:4)
  Sonja (Lair:3)
  Nergalle (Lair:3)
  7 salamander mystics
  59 deep trolls
  7 sea snakes
  4 glowing orange brains
  7 iron trolls
  2 flayed ghosts (Depths:2)
  2 naga ritualists (Snake:4)
  7 orc knights
  8 deep elf archers
  A phantasmal warrior (Abyss:2)
  6 arcanists
  4 lindwurms
  23 starcursed masses
  21 harpies
  A stone giant zombie (Abyss:2)
  16 ironbound convokers
  16 deep elf zephyrmancers
  25 deep elf pyromancers
  10 necromancers
  A wolf spider (Lair:1)
  3 orc sorcerers
  5 mana vipers
  A cyclops (shapeshifter) (Elf:3)
  5 shining eyes
  32 ugly things
  13 elephants
  5 cyclopes
  A salamander (shapeshifter) (Abyss:2)
  8 manticores
  5 fauns
  31 salamanders
  17 vault sentinels
  A worldbinder (Abyss:3)
  9 large abominations
  A moth of wrath (shapeshifter) (Elf:2)
  6 merfolk sirens
  A centaur zombie (Abyss:2)
  2 eyes of devastation
  31 black mambas
  3 molten gargoyles (Lair:5)
  5 guardian serpents
  5 water nymphs
  18 naga magi
  10 cane toads
  An apocalypse crab (Abyss:3)
  3 smoke demons (Abyss:2)
  A torpor snail (Lair:5)
  2 kobold demonologists (D:11)
  Maggie (D:7)
  A freezing wraith (Vaults:1)
  An unseen horror (D:11)
  Jeremiah (D:6)
  4 tengu conjurers
  2 rime drakes
  29 yaktaurs
  16 komodo dragons
  A tormentor (Abyss:3)
  10 merfolk
  A silent spectre (Abyss:3)
  A polar bear (D:11)
  24 blink frogs
  4 hornets
  2 trolls
  6 wind drakes (Shoals:4)
  Grinder (D:3)
  A hellwing (Abyss:2)
  9 dream sheep
  5 glass eyes
  4 snapping turtles
  5 raiju
  6 flying skulls (Abyss:3)
  152 slime creatures
  A centaur simulacrum (D:11)
  A culicivora (shapeshifter) (Elf:1)
  6 air elementals
  13 water elementals
  2 ynoxinuls
  2 spriggans (Depths:3)
  Eustachio (D:5)
  A vampire (D:13)
  12 wyverns
  5 fire elementals
  3 wraiths
  5 basilisks
  60 yaks
  22 vampire mosquitoes
  6 golden eyes (Slime:5)
  A neqoxec (Abyss:2)
  Edmund (D:4)
  4 redbacks
  2 steam dragons
  7 small abominations
  3 wargs
  55 nagas
  An acid dragon (D:11)
  8 hell hounds
  27 orc warriors
  18 water moccasins
  2 ice beasts
  A sky beast (D:7)
  A black bear (D:6)
  26 ogres
  39 wolves
  5 centaurs
  3 phantoms
  3 kobold brigands
  Blork the orc (D:5)
  An earth elemental (Elf:1)
  5 scorpions
  11 bullfrogs
  2 gnoll sergeants
  4 wights (D:9)
  2 howler monkeys
  5 electric eels
  5 lava snakes (Lair:5)
  2 jellies
  17 orc priests
  6 hounds
  A gnoll bouda (D:8)
  A sleepcap (D:6)
  Jessica (D:2)
  6 iguanas
  27 orc wizards
  31 gnolls
  10 adders
  A shadow imp (D:6)
  3 white imps
  A howler monkey simulacrum (D:11)
  8 ufetubi
  A worm (D:3)
  3 dart slugs
  62 orcs
  3 bats
  7 endoplasms
  5 giant cockroaches
  17 goblins
  17 hobgoblins
  8 jackals
  8 quokkas
  7 ball pythons
  A frilled lizard (D:2)
  24 kobolds
  7 rats
  A starspawn tentacle (Abyss:3)
1908 creatures vanquished.

Vanquished Creatures (collateral kills)
  An orc warlord (Vaults:2)
  A quicksilver ooze (Slime:5)
  An entropy weaver (Vaults:2)
  A dancing weapon (Elf:1)
  A deep elf knight (Elf:1)
  A vault sentinel (Vaults:2)
  A water elemental (Elf:1)
7 creatures vanquished.

Vanquished Creatures (others)
  A walking crystal tome (Depths:2)
  A two-headed ogre (Orc:2)
  A deep elf pyromancer (Elf:1)
  A vault sentinel (Vaults:4)
  A hellion (Abyss:2)
  An efreet (D:13)
  A water elemental (Elf:1)
  2 electric eels (D:13)
  3 orc wizards
  2 lurking horrors (Abyss:2)
  7 starspawn tentacles (Abyss:3)
21 creatures vanquished.

Grand Total: 1936 creatures vanquished

Notes
Turn   | Place    | Note
-------+----------+-------------------------------------------
     0 | D:1      | Chiseanne the Demonspawn Wanderer began the quest for the
                  | Orb.
     0 | D:1      | Chiseanne set off with the following items: a +3 spear, a
                  | +0 buckler, a scroll of vulnerability, a +0 robe.
     0 | D:1      | Reached XP level 1. HP: 18/18 MP: 1/1
   170 | D:1      | Gained mutation: You are partially covered in icy blue
                  | scales. (AC +2) [demonic ancestry]
   170 | D:1      | Reached XP level 2. HP: 24/24 MP: 2/2
   358 | D:1      | Reached skill level 1 in Dodging
   626 | D:1      | Reached XP level 3. HP: 29/29 MP: 3/3
   680 | D:1      | Found a faded altar of an unknown god.
   710 | D:1      | Found Deesch's Jewellery Shoppe.
   971 | D:2      | Noticed Jessica
   995 | D:2      | Killed Jessica
   996 | D:2      | Gained mutation: You sometimes gain a little power by
                  | taking damage. [demonic ancestry]
   996 | D:2      | Reached XP level 4. HP: 29/37 MP: 4/4
  1304 | D:2      | Reached skill level 4 in Fighting
  1841 | D:3      | Gained mutation: You are partially covered in sharp spines.
                  | [demonic ancestry]
  1841 | D:3      | Reached XP level 5. HP: 42/42 MP: 5/5
  1861 | D:3      | Identified the +6 spear "Byuc" {vamp, Dex+2}
  2173 | D:3      | Noticed Grinder
  2185 | D:3      | Killed Grinder
  2186 | D:3      | Gained mutation: You are mostly covered in sharp spines.
                  | [demonic ancestry]
  2186 | D:3      | Reached XP level 6. HP: 21/50 MP: 6/6
  2287 | D:3      | Found a bloodstained altar of Trog.
  2654 | D:4      | Reached skill level 5 in Fighting
  2665 | D:4      | Found a radiant altar of Vehumet.
  2821 | D:4      | Reached XP level 7. HP: 53/56 MP: 7/7
  2829 | D:4      | Found a staircase to the Ecumenical Temple.
  2839 | Temple   | Entered the Ecumenical Temple
  2845 | Temple   | Became a worshipper of Gozag Ym Sagoz the Greedy
  3844 | D:5      | Entered Level 5 of the Dungeon
  3848 | D:5      | Noticed Edmund
  3870 | D:4      | Killed Edmund
  3871 | D:4      | Reached skill level 6 in Fighting
  3871 | D:4      | Reached skill level 5 in Shields
  4050 | D:5      | Gained mutation: You are mostly covered in icy blue scales.
                  | (AC +3) [demonic ancestry]
  4050 | D:5      | Reached XP level 8. HP: 64/64 MP: 8/8
  4245 | D:5      | Reached skill level 5 in Dodging
  4536 | D:5      | Noticed Blork the orc
  4545 | D:5      | Killed Blork the orc
  4710 | D:5      | Noticed Eustachio
  4719 | D:5      | Killed Eustachio
  4720 | D:5      | Reached skill level 7 in Fighting
  5087 | D:6      | Noticed Jeremiah
  5099 | D:6      | Killed Jeremiah
  5100 | D:6      | Gained mutation: You have a pair of small horns on your
                  | head. [demonic ancestry]
  5100 | D:6      | Reached XP level 9. HP: 55/72 MP: 9/9
  5261 | D:6      | Found an ornate altar of the Wu Jian Council.
  5692 | D:6      | Found a shimmering altar of Xom.
  5843 | D:6      | Reached skill level 8 in Fighting
  5884 | D:7      | Found an ancient bone altar of Kikubaaqudgha.
  5983 | D:7      | Noticed Maggie
  5995 | D:7      | HP: 2/74 [Maggie/+0 war axe of distortion (9)]
  5996 | D:7      | Killed Maggie
  6380 | D:8      | Found a broken altar of Ashenzari.
  6645 | D:8      | Noticed a manticore
  6656 | D:8      | Killed a manticore
  6657 | D:8      | Reached skill level 9 in Fighting
  6863 | D:8      | Gained mutation: You are completely covered in sharp
                  | spines. [demonic ancestry]
  6863 | D:8      | Reached XP level 10. HP: 70/83 MP: 10/10
  6908 | D:8      | Identified the +6 sling of the Messenger {heavy, rF++
                  | Str+3}
  7613 | D:9      | Found a staircase to the Lair.
  7716 | D:9      | Found a flagged portal.
  7732 | Bailey   | Entered a bailey
  7989 | Bailey   | Reached skill level 10 in Fighting
  8166 | Bailey   | Noticed an orc knight
  8198 | Bailey   | Killed an orc knight
  8373 | Bailey   | Noticed an orc warlord
  8386 | Bailey   | Identified the +2 pair of gloves of Dawn {Will+ Regen+
                  | Dex-5 Stlth+}
  8737 | D:9      | Found Feugg's Jewellery Emporium.
  8751 | D:9      | Bought a ring of see invisible for 195 gold pieces
  8795 | D:9      | Reached XP level 11. HP: 87/92 MP: 11/11
  8859 | D:9      | You fall into a shaft and drop 2 floors!
  9079 | D:10     | Entered Level 10 of the Dungeon
  9449 | D:10     | Found a sparkling altar of Nemelex Xobeh.
 10374 | D:7      | Reached skill level 11 in Fighting
 10467 | D:7      | Found Junwiqesm's Distillery.
 10539 | D:7      | Bought a potion of curing for 48 gold pieces
 10539 | D:7      | Bought a potion of degeneration for 16 gold pieces
 10539 | D:7      | Bought a potion of might for 64 gold pieces
 10539 | D:7      | Bought a potion of might for 64 gold pieces
 10722 | D:7      | Found a shadowy altar of Dithmenos.
 10967 | D:7      | Found Orghihul's Antique Weapon Shoppe.
 11339 | D:11     | Reached skill level 1 in Armour
 11560 | D:11     | Reached skill level 10 in Shields
 12021 | D:12     | Found a staircase to the Orcish Mines.
 12043 | D:12     | Reached skill level 10 in Dodging
 12060 | D:12     | Noticed a deep elf pyromancer
 12089 | D:12     | Killed a deep elf pyromancer
 12446 | D:12     | Gained mutation: You have a pair of horns on your head.
                  | [demonic ancestry]
 12446 | D:12     | Reached XP level 12. HP: 101/101 MP: 12/12
 12788 | D:13     | Found a gate to the Vaults.
 12788 | D:13     | Noticed a deep elf high priest
 12804 | D:13     | Killed a deep elf high priest
 12973 | D:13     | Identified the +5 scale mail "Pianoh" {rF- rC+++ Regen+
                  | Dex-4}
 12980 | D:13     | Found Yrghuh's General Store.
 13249 | D:13     | Reached skill level 12 in Fighting
 13435 | D:13     | Found Dotim's Weapon Emporium.
 13704 | D:13     | Found Houmuemm's Book Shop.
 13856 | D:14     | Noticed a boulder beetle
 13868 | D:14     | Killed a boulder beetle
 14018 | D:14     | Noticed a tengu warrior
 14043 | D:14     | Killed a tengu warrior
 14044 | D:14     | Reached skill level 5 in Armour
 14064 | D:14     | Noticed a demonic crawler
 14065 | D:14     | Noticed a demonic crawler
 14635 | D:14     | Found a portal to a secret trove of treasure.
 14880 | D:15     | Entered Level 15 of the Dungeon
 14972 | D:14     | Upgraded the game from 0.31-a0-1008-g5b978dac0e to
                  | 0.31-a0-1009-g454b1f1e0a
 15162 | D:15     | Reached XP level 13. HP: 28/109 MP: 13/13
 15628 | D:15     | Reached skill level 13 in Fighting
 16251 | D:15     | Noticed Agnes
 16257 | D:15     | Killed Agnes
 16799 | D:15     | Found a staircase to the Depths.
 16896 | D:15     | Acquired 844 gold pieces
 16937 | D:15     | Bought a steaming whip for 135 gold pieces
 16937 | D:15     | Identified the +2 whip "Impslayer" {freeze, rElec rPois
                  | Str+3 Int-2} (You bought it in a shop on level 15 of the
                  | Dungeon)
 16939 | D:15     | Bought a pair of glowing gloves for 285 gold pieces
 16939 | D:15     | Bought an ancient leather armour for 266 gold pieces
 16939 | D:15     | Identified the +3 leather armour "Ungebb" {rC+ Stlth+} (You
                  | bought it in a shop on level 15 of the Dungeon)
 16968 | D:15     | Acquired 629 gold pieces
 17017 | D:15     | Bought a dazzling chain mail for 285 gold pieces
 17017 | D:15     | Identified the +8 chain mail of Fortitude {rPois rN++ Str-3
                  | SInv} (You bought it in a shop on level 15 of the Dungeon)
 17128 | Lair:4   | Identified the "Zyotu"
 17128 | Orc:1    | Entered Level 1 of the Orcish Mines
 17363 | Orc:1    | Found a dark tunnel.
 17541 | Orc:1    | Found Ynithocs's Jewellery Emporium.
 17559 | Orc:1    | Bought an amulet of regeneration for 480 gold pieces
 17696 | Orc:2    | Entered Level 2 of the Orcish Mines
 17733 | Orc:2    | Noticed Harold
 17734 | Orc:2    | Noticed Azrael
 17828 | Orc:2    | Noticed Erolcha
 17837 | Orc:1    | HP: 5/112 [Azrael/damnation (25)]
 17847 | Orc:1    | Killed Azrael
 17957 | Orc:1    | Reached XP level 14. HP: 56/119 MP: 14/14
 18081 | Orc:1    | Killed Erolcha
 18082 | Orc:1    | Reached skill level 14 in Fighting
 18152 | Orc:1    | Paralysed by Harold for 4 turns
 18157 | Orc:1    | Killed Harold
 18236 | Orc:2    | Paralysed by an ogre mage for 5 turns
 18542 | Orc:2    | Found a staircase to the Elven Halls.
 18570 | Orc:2    | Noticed Snorg
 18589 | Orc:2    | Killed Snorg
 18631 | Orc:2    | Found Wugriug's Antique Armour Shoppe.
 18631 | Orc:2    | Found Ciatz's Weapon Boutique.
 18632 | Orc:2    | Found Wiabet's Magic Scroll Shop.
 18632 | Orc:2    | Found Bailuzuc's General Store.
 18716 | Orc:2    | Noticed Saint Roka
 18777 | Orc:2    | Noticed Jorgrun
 18833 | Orc:1    | Killed Saint Roka
 19038 | Lair:1   | Entered Level 1 of the Lair of Beasts
 19209 | Lair:1   | Noticed Gastronok
 19223 | Lair:1   | Killed Gastronok
 20083 | Lair:1   | Reached skill level 1 in Spellcasting
 20287 | Lair:2   | Identified the +8 chain mail of the Flute {Harm}
 20291 | Lair:2   | Identified the +10 glaive "Avevvav" {speed, rPois rCorr}
 21216 | Lair:3   | Noticed Sonja
 21224 | Lair:3   | Killed Sonja
 21279 | Lair:3   | Gained mutation: You sometimes gain power by taking damage.
                  | [demonic ancestry]
 21279 | Lair:3   | Reached XP level 15. HP: 86/127 MP: 16/18
 21361 | Lair:3   | Noticed Nergalle
 21368 | Lair:3   | Killed Nergalle
 21369 | Lair:3   | Reached skill level 1 in Throwing
 21425 | Lair:3   | Found a staircase to the Shoals.
 21510 | Lair:3   | Reached skill level 15 in Fighting
 21512 | Lair:3   | Found a staircase to the Snake Pit.
 22061 | Lair:4   | Found a staircase to the Slime Pits.
 22225 | Lair:4   | Found a large runed translucent door.
 22225 | Lair:4   | Found a large runed translucent door.
 22238 | Lair:4   | Noticed Queen's ghost (journeyman DrFE)
 22261 | Lair:4   | Reached skill level 10 in Armour
 23050 | Lair:5   | Entered Level 5 of the Lair of Beasts
 23951 | Lair:5   | Reached skill level 5 in Spellcasting
 24049 | Lair:5   | Found a large runed translucent door.
 24049 | Lair:5   | Found a large runed translucent door.
 24723 | D:15     | Bought transparent swamp dragon scales for 1155 gold pieces
 24723 | D:15     | Identified the +0 swamp dragon scales "Zitygir" {+Inv rPois
                  | Will- Str+6 SInv} (You bought it in a shop on level 15 of
                  | the Dungeon)
 24723 | D:15     | Bought a twisted ring mail for 189 gold pieces
 24723 | D:15     | Identified the +4 ring mail of the Leaf {Harm rPois rF-
                  | Regen+} (You bought it in a shop on level 15 of the
                  | Dungeon)
 24774 | D:15     | Bought a potion of might for 44 gold pieces
 24774 | D:15     | Bought a scroll of revelation for 82 gold pieces
 24891 | Orc:2    | Bought a scroll of silence for 161 gold pieces
 24891 | Orc:2    | Bought a scroll of brand weapon for 161 gold pieces
 24892 | Orc:2    | Chiseanne: FUCK
 24937 | Orc:2    | Killed Jorgrun
 25583 | Snake:1  | Entered Level 1 of the Snake Pit
 25628 | Snake:1  | Reached skill level 5 in Throwing
 25734 | Snake:1  | Identified the amulet of Jujabess {Acrobat Slay+4}
 25748 | Snake:1  | Learned a level 1 spell: Apportation
 25751 | Snake:1  | Learned a level 2 spell: Ensorcelled Hibernation
 26062 | Snake:1  | Found Bariqir's Antique Weapon Emporium.
 26069 | Snake:1  | Bought a warped long sword for 255 gold pieces
 26069 | Snake:1  | Identified the +2 long sword "Jellyslayer" {flame, rElec
                  | rC+} (You bought it in a shop on level 1 of the Snake Pit)
 26069 | Snake:1  | Bought a crude morningstar for 270 gold pieces
 26069 | Snake:1  | Identified the +10 morningstar of Hepliaklqana's Regard
                  | {drain, rElec rF+ rN+} (You bought it in a shop on level 1
                  | of the Snake Pit)
 26238 | Snake:1  | Identified the +5 plate armour "Howeekhlu" {rN+ Int+4}
 26270 | Snake:1  | Reached skill level 1 in Hexes
 26311 | Snake:1  | Reached skill level 1 in Ice Magic
 26311 | Snake:1  | Reached XP level 16. HP: 133/138 MP: 24/24
 26673 | Snake:1  | Reached skill level 16 in Fighting
 28041 | Snake:2  | Noticed Nikola
 28056 | Snake:2  | Killed Nikola
 29393 | Snake:2  | Reached skill level 1 in Maces & Flails
 30009 | Snake:3  | Reached skill level 5 in Maces & Flails
 30513 | Snake:3  | Found Abapp's Book Shoppe.
 30514 | Snake:3  | Found Xeyloth's Jewellery Shop.
 30515 | Snake:3  | Found Susmoenku's Book Shoppe.
 30606 | Snake:4  | Entered Level 4 of the Snake Pit
 30959 | Snake:4  | Gained mutation: You have a pair of large horns on your
                  | head. [demonic ancestry]
 30959 | Snake:4  | Reached XP level 17. HP: 136/145 MP: 25/25
 32280 | Snake:4  | Identified the +1 ring mail of the Gloaming {rF+}
 32557 | Snake:4  | Got a serpentine rune of Zot
 32790 | Snake:4  | Reached skill level 10 in Maces & Flails
 33435 | Shoals:1 | Entered Level 1 of the Shoals
 33467 | Shoals:2 | Identified the of Xaufysek
 34076 | Shoals:3 | Found Oqefuud's Weapon Emporium.
 34586 | Shoals:3 | Found a flickering gateway to a bazaar.
 34593 | Bazaar   | Entered a bazaar
 34622 | Bazaar   | Found Iffoacwu's Antique Weapon Shoppe.
 34653 | Bazaar   | Found Ofouthrea's Book Shop.
 34690 | Bazaar   | Found Tumiux's Assorted Antiques.
 34695 | Bazaar   | Bought a twisted chain mail for 209 gold pieces
 34695 | Bazaar   | Identified the +1 chain mail of Going Fast {rCorr Str+2}
                  | (You bought it in a shop in a bazaar)
 34695 | Bazaar   | Bought a scroll of brand weapon for 209 gold pieces
 34811 | Shoals:4 | Identified the of Cynon
 34811 | Shoals:4 | Entered Level 4 of the Shoals
 34811 | Shoals:4 | Found a blossoming altar of Fedhas.
 35369 | Shoals:4 | Paralysed by an air elemental for 1 turns
 35371 | Shoals:4 | Paralysed by an air elemental for 1 turns
 35502 | Shoals:4 | Noticed a titan
 35516 | Shoals:4 | Killed a titan
 35598 | Shoals:4 | Identified the +6 flail "Lumasuhe" {holy, rN+ Str+6}
 35601 | Shoals:4 | Got a barnacled rune of Zot
 35605 | Shoals:4 | Identified the +7 longbow "Nahek" {freeze, Dex+2}
 35634 | Shoals:4 | Reached XP level 18. HP: 134/153 MP: 26/26
 35673 | Shoals:4 | Reached skill level 10 in Throwing
 35735 | Shoals:4 | Identified the staff of the Swamp {rN+ Will+ Str+4 Necro}
 36313 | Vaults:1 | Entered Level 1 of the Vaults
 36697 | Vaults:1 | Noticed Donald
 36716 | Vaults:1 | Killed Donald
 37155 | Vaults:1 | Noticed Asterion
 38411 | Vaults:1 | Reached skill level 17 in Fighting
 38449 | Vaults:1 | Killed Asterion
 38800 | D:15     | Bought the +3 pair of mountain boots {steadfast, rC+} for
                  | 703 gold pieces
 38800 | D:15     | Found the +3 pair of mountain boots {steadfast, rC+}
 38942 | Desolati | Identified the "Qufos"
 38993 | Vaults:2 | Found a crumbling gateway.
 39326 | Vaults:2 | Found a staircase to the Crypt.
 39326 | Vaults:2 | Found a basalt altar of Yredelemnul.
 39326 | Vaults:2 | Found an ancient bone altar of Kikubaaqudgha.
 40296 | Vaults:2 | Reached skill level 5 in Evocations
 40666 | Vaults:2 | Gained mutation: You are robust. (+10% HP) [demonic
                  | ancestry]
 40666 | Vaults:2 | Reached XP level 19. HP: 105/177 MP: 27/27
 40875 | Vaults:3 | Noticed Mara
 40878 | Vaults:3 | Noticed Chiseanne's illusion
 41162 | Vaults:3 | Noticed Chiseanne's illusion
 41173 | Vaults:2 | Chiseanne: fuck it this sucks
 41355 | Vaults:3 | Noticed Chiseanne's illusion
 41367 | Vaults:3 | Killed Mara
 41529 | Vaults:3 | HP: 7/177 [disintegration (39)]
 42681 | Vaults:3 | Found Asougiep's Magic Scroll Emporium.
 42689 | Vaults:3 | Bought a scroll of fear for 92 gold pieces
 42689 | Vaults:3 | Bought a scroll of fear for 92 gold pieces
 42689 | Vaults:3 | Bought 2 scrolls of enchant weapon for 345 gold pieces
 42689 | Vaults:3 | Bought a scroll of enchant weapon for 172 gold pieces
 42689 | Vaults:3 | Bought a scroll of enchant weapon for 172 gold pieces
 42689 | Vaults:3 | Bought a scroll of teleportation for 69 gold pieces
 42792 | Vaults:3 | Reached skill level 10 in Evocations
 44372 | Vaults:4 | Reached skill level 15 in Shields
 44515 | Vaults:4 | Reached skill level 15 in Dodging
 44977 | Vaults:4 | Identified the staff "Gouxa" {rElec MP+9 SInv Air}
 45579 | Vaults:4 | Reached XP level 20. HP: 108/187 MP: 28/28
 46541 | Vaults:5 | Identified the of Leruras
 46541 | Crypt:2  | Identified the "Fivyar"
 46541 | Crypt:2  | Identified the "Vopioqek"
 46541 | Depths:1 | Entered Level 1 of the Depths
 46799 | Depths:1 | Reached skill level 18 in Fighting
 47211 | Depths:1 | Found a gateway to Hell.
 48091 | Depths:2 | Identified the +8 sling of Nuck {drain, rPois rC- Str+2}
 48097 | Depths:2 | Identified the ring "Vonytilo" {AC+4 Int+3}
 48268 | Depths:2 | Noticed a golden dragon
 48277 | Depths:2 | Killed a golden dragon
 48501 | Depths:2 | Found a transporter.
 48826 | Depths:2 | Found a basalt altar of Yredelemnul.
 48841 | Depths:2 | Noticed a caustic shrike
 48842 | Depths:2 | Noticed a caustic shrike
 48847 | Depths:2 | Killed a caustic shrike
 48860 | Depths:2 | Killed a caustic shrike
 49218 | Depths:2 | Found a one-way gate leading to the halls of Pandemonium.
 49621 | Depths:2 | Found a shadowy altar of Dithmenos.
 49879 | Depths:2 | Identified the ring of Patience {rF+ AC+4}
 49999 | Depths:2 | Gained mutation: You are very robust. (+20% HP) [demonic
                  | ancestry]
 49999 | Depths:2 | Reached XP level 21. HP: 119/213 MP: 29/29
 50323 | Depths:2 | Identified the ring "Kemy" {Fire rPois MP+9 Dex-5 Slay+2}
 50468 | Depths:2 | Found a transporter.
 50617 | Depths:3 | Found Qoterhys's Jewellery Boutique.
 50774 | Depths:3 | Reached skill level 19 in Fighting
 51541 | Depths:3 | Noticed Mennas
 51684 | Depths:3 | Reached skill level 15 in Armour
 51880 | Depths:3 | Killed Mennas
 52323 | Depths:3 | Found a one-way gate to the infinite horrors of the Abyss.
 53036 | Depths:4 | Entered Level 4 of the Depths
 54115 | Depths:4 | Found a gate to the Realm of Zot.
 54115 | Depths:4 | Noticed a golden dragon
 54127 | Depths:4 | Killed a golden dragon
 54532 | Depths:4 | Reached XP level 22. HP: 194/225 MP: 30/30
 55078 | Depths:4 | Found a one-way gateway to a ziggurat.
 55489 | D:15     | Bought the amulet of Vehumet's Wrath {Spirit rCorr Dex+3}
                  | for 684 gold pieces
 55489 | D:15     | Bought the ring "Ygajeh" {rPois rF+ Int+6} for 758 gold
                  | pieces
 55489 | D:15     | Bought the ring "Pius Dor" {rF+ rC+ Will+ Int+10 Dex-4} for
                  | 800 gold pieces
 55745 | Elf:1    | Entered Level 1 of the Elven Halls
 56593 | Elf:2    | Found a runed translucent gate.
 56593 | Elf:2    | Found a runed translucent gate.
 56593 | Elf:2    | Found a runed translucent gate.
 56839 | Elf:2    | Reached skill level 20 in Fighting
 56852 | Elf:2    | Found Vuobugha's Distillery.
 56861 | Elf:2    | Bought a potion of curing for 39 gold pieces
 56861 | Elf:2    | Bought a potion of curing for 39 gold pieces
 56861 | Elf:2    | Bought a potion of berserk rage for 65 gold pieces
 56861 | Elf:2    | Bought 2 potions of heal wounds for 130 gold pieces
 56861 | Elf:2    | Bought a potion of might for 52 gold pieces
 56861 | Elf:2    | Bought a potion of mutation for 104 gold pieces
 56893 | Elf:2    | Paralysed by an air elemental for 1 turns
 56950 | Elf:2    | Identified the +3 leather armour of Baocs {rPois Str+3}
 57152 | Elf:3    | Identified the "Wicihaewk"
 57152 | Elf:3    | Entered Level 3 of the Elven Halls
 57284 | Elf:3    | Found a shimmering blue altar of Sif Muna.
 57609 | Abyss:2  | Cast into level 2 of the Abyss (a deep elf demonologist)
 57640 | Abyss:2  | Found a corrupted altar of Lugonu.
 57749 | Abyss:2  | Noticed an ancient lich
 57758 | Abyss:2  | Found a corrupted altar of Lugonu.
 57764 | Abyss:2  | Found a corrupted altar of Lugonu.
 57764 | Abyss:2  | Found a corrupted altar of Lugonu.
 58293 | Elf:3    | Escaped the Abyss
 58337 | Elf:3    | Identified the +11 mace of Bodily Humours {flame, rPois
                  | Will+}
 58370 | Abyss:3  | Cast into level 3 of the Abyss (a deep elf sorcerer)
 58371 | Abyss:3  | Chiseanne: oh what fun....
 58392 | Abyss:3  | Killed an ancient lich
 58424 | Abyss:3  | Found a corrupted altar of Lugonu.
 58948 | Abyss:3  | Got an abyssal rune of Zot
 58951 | Abyss:3  | Chiseanne: oh what fun!
 59185 | Elf:3    | Escaped the Abyss
 59658 | Elf:3    | Identified the +10 glaive "Huexat" {heavy, Dex+2}
 59972 | Elf:3    | Identified the staff "Oloen" {rElec rF+ Str+4 Int+3 Earth}
 59993 | Elf:3    | Identified the +2 quarterstaff of Light {flame, Drain rCorr
                  | Str+6 Int+3}
 60003 | Elf:3    | Identified the +1 pair of boots "Lechunys" {*Corrode rPois
                  | rF+++ Dex-5}
 60004 | Elf:3    | Identified the ring "Raum" {rC- MP+9 Dex+2 SInv}
 60023 | Elf:3    | Identified the +1 leather armour "Fikhititz" {rC+ Dex+3
                  | Stlth+}
 61854 | Slime:1  | Entered Level 1 of the Pits of Slime
 62621 | Slime:1  | Gained mutation: You are completely covered in icy blue
                  | scales. (AC +4, rC+) [demonic ancestry]
 62621 | Slime:1  | Reached XP level 23. HP: 213/237 MP: 31/31
 62771 | Slime:2  | Gained mutation: You occasionally lose the ability to drink
                  | potions when taking damage. [a shining eye]
 62858 | Slime:1  | Gained mutation: Your body sometimes deteriorates upon
                  | taking damage. [a shining eye]
 62859 | Slime:1  | Gained mutation: You occasionally lose the ability to read
                  | scrolls when taking damage. [a shining eye]
 63446 | Slime:3  | Gained mutation: You are agile. (Dex +4, Str/Int -1) [a
                  | shining eye]
 63916 | Slime:3  | Gained mutation: You sometimes lose the ability to read
                  | scrolls when taking damage. [a shining eye]
 64650 | Slime:5  | Identified the "Giol"
 64650 | Slime:5  | Identified the "Cubel"
 64650 | Slime:5  | Entered Level 5 of the Pits of Slime
 64650 | Slime:5  | Found the +10 dark maul {heavy}
 64707 | Slime:5  | Chiseanne: you know whats stupid shit ?
 64707 | Slime:5  | Chiseanne: right anti player biased bullshit with no
                  | cooldown
 64765 | Slime:5  | Chiseanne: but because gamedevs are idiots nowadays they
                  | cant help themselves but beeing total pigs
 64799 | Slime:5  | Reached skill level 21 in Fighting
 64962 | Slime:5  | Noticed the Royal Jelly
 65031 | Slime:5  | Found a viscous altar of Jiyva.
 65147 | Slime:5  | HP: 3/240 [rockslime[the Royal Jelly] (25)]
 65731 | Slime:4  | Mangled by a rockslime

Illustrated notes

Levels and vault maps discovered:
D:1:      amcnicky_arrival_choice, layout_loops_ring, serial_shops,
          nicolae_shop_advertising_works [nicolae_subvault_shop_adworks],
          shapermc_ecumenical_altar_mp_highgroup
D:2:      layout_basic, uniq_jessica
D:3:      layout_loops_ring, trog_butcher_becter, uniq_grinder
D:4:      layout_cave_pods, old_standard_altar, temple_statues, serial_forest,
          infiniplex_forest_zigzag_1, infiniplex_forest_lined_2,
          infiniplex_forest_end_3, infiniplex_forest_lined_3,
          infiniplex_forest_straight_4, infiniplex_forest_lined_4_way,
          infiniplex_forest_end_3, infiniplex_forest_3_way, serial_bayou_pond_a
D:5:      layout_loops_corners, minmay_misc_feat_hallway, uniq_blork_the_orc,
          uniq_edmund, uniq_eustachio
D:6:      layout_loops_ring, mainiacjoe_overflow_swirl, serial_park_tiny_pond,
          uniq_jeremiah
D:7:      layout_loops_ring, kiku_gazebo_pond_becter, grunt_dithmenos_shadows,
          serial_shops, nicolae_shop_rolling_square, kennysheep_small_circle,
          uniq_maggie
D:8:      layout_loops_ring, overflow_temple_1_default
D:9:      layout_roguey, minmay_lair_entry_grove, serial_shops,
          nicolae_shop_tiny_statue_garden, enter_bailey_5
D:10:     layout_layer_cave, mainiacjoe_overflow_alcove_2
D:11:     layout_loops_ring, serial_ice, serial_ice_a, serial_ice_e,
          serial_ice_b, serial_ice_i
D:12:     layout_basic, erik_orc_3, kennysheep_pointless_box
D:13:     layout_roguey, hellmonk_vaults_attempted_burglary, serial_shops,
          nicolae_shop_bloodbath_and_beyond, shop, nicolae_book_shop_shelving,
          lemuel_freeze_loot_1
D:14:     layout_cross, enter_trove_2, amethyst_killhole,
          einodemon_crawler_minivault
D:15:     grunt_enter_depths_hoard, layout_basic, minmay_misc_feat_x, uniq_agnes
Temple:   compressed_dpeg_circular_temple
Lair:1:   layout_small_grid, wad_woods_river_03,
          nicolae_lair_run_with_the_wolves, uniq_gastronok
Lair:2:   layout_cave_pods, chequers_serial_rivers_small_b
Lair:3:   layout_cellular_growth, elwin_shoals_entry_rooms, dummy_snake_entry,
          serial_bayou_shore_a, serial_bayou_shore_b, uniq_sonja, uniq_nergalle
Lair:4:   layout_layer_cave, slime_entry_1, ebering_ghost_disaster_area
Lair:5:   cheibrodos_lair_end_hotspot, layout_regular_city,
          grunt_forest_small_clearing_treed
Shoals:1: layout_shoals, nicolae_shoals_undead_eyrie
Shoals:2: layout_shoals, nicolae_shoals_dead_sea_scrolls
Shoals:3: layout_shoals, serial_shops, bzr_entry_safe, nicolae_stop_n_shop_2
Shoals:4: shoals_end_hellmonk_storm_palace [storm_palace_center_ruins,
          storm_palace_corner_altar, storm_palace_corner_reverse_hut,
          storm_palace_corner_altar, storm_palace_corner_narrow]
Snake:1:  layout_basic, serial_shops, nicolae_shop_statue_plus, special_room
Snake:2:  layout_chambers, uniq_nikola
Snake:3:  layout_cave_town, serial_bayou_shore_b, minmay_shop_grove,
          lemuel_fruit_tree
Snake:4:  minmay_snake_end_coiled, layout_basic, grunt_megastairs_3
Slime:1:  layout_caves
Slime:2:  layout_caves
Slime:3:  layout_caves, nicolae_slime_phagocytosis
Slime:4:  layout_caves, cheibrodos_slime_lost_civilization_6
Slime:5:  slime_pit_nicolae_jellycorners
Orc:1:    layout_caves, serial_shops, shop, nicolae_volcano_entry_lava_flow,
          uniq_harold
Orc:2:    st_orc_ogre_mass, layout_caves, gauntlet_entry_generic, uniq_snorg,
          uniq_jorgrun, uniq_azrael, uniq_erolcha, uniq_saint_roka
Elf:1:    elf_arrival_001, layout_loops_cross, evilmike_minifort
Elf:2:    nicolae_elf_blades_splatter_lattice
          [nicolae_blade_entry_hurt_lockers], layout_geoelf_grid, serial_shops,
          nicolae_shop_gibbet_a_chance
Elf:3:    elf_hall, layout_geoelf_diagonals, basic_altar, grunt_megastairs_2
Vaults:1: nicolae_vaults_apartment_1, vaults_dpeg_cross,
          grunt_vaults_hallway_short, hangedman_vaults_trim,
          vaults_room_grunt_arrival_ludios, nicolae_vaults_security_offices_3,
          nicolae_vaults_closet_pinwheel_2, layout_vaults_omnigrid, uniq_donald,
          uniq_asterion
Vaults:2: portal_desolation_entry_holy_temple, nicolae_vaults_asterisk,
          minmay_crypt_entry_necro_gods, dpeg_vaults_monster_row,
          nicolae_vaults_wine_cellar, nicolae_vaults_display_case,
          nicolae_vaults_storage_closets_1, vaults_room_pools, v_rooms_5,
          ontoclasm_vaults_shuriken, v_misc_8, nicolae_vaults_sealed_display,
          hangedman_vaults_stagger, layout_vaults_omnibox
Vaults:3: ontoclasm_vaults_misaligned, nicolae_vaults_what_the_h,
          hangedman_vaults_stream, hangedman_vaults_unwind,
          grunt_vaults_hallway_short, nicolae_vaults_triangles,
          nicolae_vaults_network_square, vaults_room_hallway,
          hangedman_vaults_locks, nicolae_vaults_two_Ls,
          nicolae_vaults_specimen_jars, layout_vaults_ring, serial_shops,
          nicolae_shop_tiny_statue_garden, uniq_mara
Vaults:4: nicolae_vaults_closet_pinwheel_2, hangedman_vaults_maws,
          nicolae_vaults_tetromino_T_1, nicolae_vaults_heart-shaped_vault,
          v_alt_pattern_2, nicolae_vaults_antechamber_and_loot_room,
          nicolae_vaults_layer_cake_slice, vaults_mumra_hexcomb,
          nicolae_vaults_little_squares_3, hangedman_vaults_trim,
          nicolae_vaults_big_angled_halls, layout_vaults_omnicross
Depths:1: layout_basic, hell_entry, nicolae_concentric_dashed_squares_mild,
          hellmonk_scarab_ruin
Depths:2: hangedman_spin_cycle, pan_entry, hell_entry
Depths:3: minmay_bubble_buster, layout_cave_pools, serial_shops,
          nicolae_stop_n_shop_2, kennysheep_big_empty_room, abyss_entry,
          grunt_metal_band, uniq_mennas
Depths:4: grunt_zot_entry_funnels, layout_cave_shapes, enter_ziggurat_c,
          serial_sigils, serial_sigils_hangedman_gut,
          serial_sigils_hangedman_gut, serial_sigils_hangedman_gut,
          serial_sigils_hangedman_snap, serial_sigils_hangedman_gnaw,
          serial_sigils_hangedman_shear, hangedman_geh_valley,
          hangedman_abyss_entry_splay

Skill      XL: |  1  2  3  4  5  6  7  8  9 10 11 12 13 14 15 16 17 18 19 20 21 22 23 |
---------------+----------------------------------------------------------------------+-----
Shields        | 2 3 4 5 6 7 9 10 11 12 13 14 15 16 17 18 | 18.5
Dodging        | 1 2 3 4 6 7 8 10 11 12 13 14 15 16 17 18 | 18.5
Fighting       | 4 5 6 7 9 10 11 12 13 14 15 16 17 18 19 20 21 | 21.0
Armour         | 3 6 7 9 11 12 13 14 15 16 17 | 17.1
Spellcasting   | 2 5 |  5.5
Throwing       | 5 9 10 | 10.2
Hexes          | 1 |  1.8
Ice Magic      | 1 |  1.5
Maces & Flails | 7 10 | 10.7
Evocations     | 6 10 | 10.0
Polearms       | |  2.6
Stealth        | |  1.0

Action                     |  1- 3 |  4- 6 |  7- 9 | 10-12 | 13-15 | 16-18 | 19-21 | 22-24 || total
---------------------------+-------+-------+-------+-------+-------+-------+-------+-------++-------
  Melee: Spear             |   101 |    99 |   292 |   708 |   103 |       |       |       ||  1303
         Headbutt          |       |       |    26 |   197 |   285 |   386 |   585 |   408 ||  1887
         Short sword       |       |       |       |    15 |       |       |       |       ||    15
         Broad axe         |       |       |       |       |   750 |       |       |       ||   750
         Scimitar          |       |       |       |       |    26 |       |       |       ||    26
         Morningstar       |       |       |       |       |    12 |  1235 |  1626 |  1100 ||  3973
         Unarmed           |       |       |       |       |       |       |    24 |     2 ||    26
         War axe           |       |       |       |       |       |       |     3 |       ||     3
   Fire: Sling             |       |       |       |       |     1 |       |       |       ||     1
  Throw: Boomerang         |       |     2 |     9 |       |     1 |   173 |    52 |    62 ||   299
         Dart              |       |       |     2 |    20 |    20 |       |       |       ||    42
         Javelin           |       |       |       |     5 |       |    12 |       |    14 ||    31
 Invoke: Call Merchant     |       |       |       |       |     6 |     2 |     2 |       ||    10
  Evoke: Wand              |       |       |       |     2 |    18 |    10 |     1 |    11 ||    42
         Box of beasts     |       |       |       |       |       |     1 |       |     2 ||     3
         Phantom mirror    |       |       |       |       |       |     1 |       |       ||     1
    Use: Scroll            |     4 |     4 |     9 |    17 |     8 |     6 |    11 |    13 ||    72
         Potion            |       |       |       |     1 |    18 |     7 |     8 |    23 ||    57
   Stab: Sleeping          |       |       |     1 |     4 |     1 |     1 |     1 |     1 ||     9
         Distracted        |       |       |       |     2 |     6 |     9 |     8 |     5 ||    30
         Paralysed         |       |       |       |       |    11 |       |     2 |       ||    13
         Invisible         |       |       |       |       |     3 |     1 |       |     1 ||     5
         Confused          |       |       |       |       |     1 |       |     7 |       ||     8
 Armour: Robe              |    33 |       |       |       |       |       |       |       ||    33
         Ring mail         |    24 |    39 |   179 |    73 |       |       |       |       ||   315
         Acid dragon scale |       |       |       |   312 |    65 |       |       |       ||   377
         Chain mail        |       |       |       |       |   738 |       |       |       ||   738
         Swamp dragon scal |       |       |       |       |    38 |   759 |   973 |   580 ||  2350
         Skin              |       |       |       |       |       |       |     8 |     2 ||    10
  Dodge: Dodged            |    43 |    33 |   128 |   476 |   721 |   884 |  1231 |   827 ||  4343
  Block: Buckler           |    14 |    13 |    85 |   107 |       |       |       |       ||   219
         Kite shield       |       |       |       |   311 |   961 |    31 |       |       ||  1303
         Tower shield      |       |       |       |       |       |  1520 |  1942 |  1380 ||  4842
         Form:             |       |       |       |       |       |       |       |     1 ||     1
         Statue            |       |       |       |       |       |       |       |     1 ||     1

Table legend: (Time is in decaauts)
 A = Elapsed time spent in this place.
 B = Non-inter-level travel time spent in this place.
 C = Inter-level travel time spent in this place.
 D = Time resting spent in this place.
 E = Time spent auto-exploring this place.
 F = Levels seen in this place.
 G = Mean time per level.
                   A        B        C        D        E       F      G
               +--------+--------+--------+--------+--------+-----+--------+
         Total |  67286 |  62947 |   4339 |  18210 |  23839 |  51 | 1319.3 |
       Dungeon |  19162 |  17122 |   2040 |   2880 |   9197 |  15 | 1277.5 |
        Temple |     12 |     12 |      0 |      0 |      0 |   1 |   12.0 |
          Lair |   7162 |   6296 |    866 |    747 |   3760 |   5 | 1432.4 |
        Shoals |   2429 |   2324 |    105 |    919 |     47 |   4 |  607.2 |
     Snake Pit |   7758 |   7546 |    212 |   2857 |   2366 |   4 | 1939.5 |
    Slime Pits |   3223 |   3177 |     46 |   1159 |    365 |   5 |  644.6 |
  Orcish Mines |   2450 |   2236 |    214 |    646 |    492 |   2 | 1225.0 |
   Elven Halls |   4079 |   3789 |    290 |    961 |   1507 |   3 | 1359.7 |
        Vaults |   9685 |   9352 |    333 |   3445 |   3510 |   4 | 2421.2 |
        Depths |   8937 |   8707 |    230 |   3457 |   2481 |   4 | 2234.2 |
         Abyss |   1560 |   1560 |      0 |    815 |      0 |   2 |  780.0 |
        Bazaar |    144 |    144 |      0 |      0 |    111 |   1 |  144.0 |
        Bailey |    678 |    678 |      0 |    320 |      0 |   1 |  678.0 |
               +--------+--------+--------+--------+--------+-----+--------+

Top non-repeatable levels by time:
Vaults:3: 3139 daAuts
    D:15: 3012 daAuts
Depths:2: 2589 daAuts
Depths:3: 2485 daAuts
Vaults:1: 2474 daAuts
Depths:4: 2402 daAuts
   Elf:3: 2286 daAuts
 Snake:2: 2248 daAuts
Vaults:2: 2135 daAuts
 Snake:3: 2075 daAuts
Vaults:4: 1936 daAuts
  Lair:4: 1905 daAuts
    D:13: 1799 daAuts
 Snake:4: 1763 daAuts
 Snake:1: 1671 daAuts
